Bruins vs BlackHawks

Created - February-12-14 at 18:48

Goals
1 2 3 T
Bruins 0 0 1 1
BlackHawks 2 0 1 3
Shots
1 2 3 T
Bruins 6 3 10 19
BlackHawks 8 11 16 35

1st period

1. BlackHawks , Antoine Vermette 14 (Dan Boyle, Martin Erat) at 9:20
2. BlackHawks , Nathan Horton 10 (Jamie McGinn, Dan Boyle) at 9:45

Penalties :
Zdeno Chara (BOS) for Roughing (Minor) at 0:26, Evander Kane (CHI) for Hooking (Minor) at 3:56, Evander Kane (CHI) for Slashing (Minor) at 6:35, Dougie Hamilton (BOS) for Hooking (Minor) at 11:16, Dion Phaneuf (CHI) for Fighting (Major) at 11:54, Dennis Seidenberg (BOS) for Fighting (Major) at 11:54, Radko Gudas (CHI) for High sticking (Minor) at 18:42, Pierre-Alexandr Parenteau (BOS) for Hooking (Minor) at 18:42

2nd period

No Goal

Penalties :
Dennis Seidenberg (BOS) for Holding (Minor) at 3:22, Dion Phaneuf (CHI) for Charging (Minor) at 7:18, Evander Kane (CHI) for Holding (Minor) at 10:08, Zdeno Chara (BOS) for Roughing (Minor) at 11:13

3rd period

3. Bruins , Dougie Hamilton 6 (David Krejci, Zdeno Chara) at 0:12
4. BlackHawks , Dan Boyle 8 (Dion Phaneuf, Martin Erat) at 15:15 (PP)

Penalties :
Dennis Seidenberg (BOS) for Hooking (Minor) at 1:17, Chris Neil (CHI) for Interference (Minor) at 6:09, Chris Neil (CHI) for Roughing (Minor) at 12:09, Braydon Coburn (BOS) for Kneeing (Major) at 14:57, Martin Erat (CHI) for Roughing (Minor) at 19:23

Goalie Stats

Tuukka Rask (BOS), 32 saves from 35 shots - (0.914), L, 28-17-2, 60:00 minutes
Jose Theodore (CHI), 18 saves from 19 shots - (0.947), W, 2-5-2, 60:00 minutes

Players Stats for Bruins

Player Name              G  A  P  +/- PIM S  H  SB GA TA FO     MP     PP MP  PK MP  
------------------------------------------------------------------------------------
Andy Greene              0  0  0   0  0   2  0  1  0  0  0/0    22:46   4:43   5:22 
Brad Marchand            0  0  0   0  0   2  5  0  0  0  0/0    16:56   6:48   0:16 
Braydon Coburn           0  0  0  -1  5   0  1  1  0  0  0/0    10:31   0:00   0:00 
Chris Kelly              0  0  0  -1  0   1  1  1  0  0  16/23  16:37   0:00   8:09 
David Krejci             0  1  1   0  0   1  0  1  0  0  9/15   12:17   0:00   5:18 
Dennis Seidenberg        0  0  0   0  9   0  1  1  0  0  0/0    14:44   0:00   4:52 
Dougie Hamilton          1  0  1   0  2   3  0  0  0  0  0/0    17:37   4:43   0:00 
Jakob Silfverberg        0  0  0   0  0   0  2  0  0  0  0/2     9:54   0:00   0:00 
Johnny Boychuk           0  0  0  -1  0   0  1  4  0  0  0/0    16:35   0:00   7:08 
Logan Couture            0  0  0   0  0   0  0  0  0  0  4/7    18:16   4:15   0:00 
Loui Eriksson            0  0  0   0  0   0  1  0  0  0  0/1    18:25   0:31   7:55 
Matt Read                0  0  0   0  0   0  3  0  0  0  8/19   16:20   6:48   0:00 
Milan Lucic              0  0  0  -1  0   2  2  0  0  0  0/2    16:18   3:44   4:13 
Patrice Bergeron         0  0  0   0  0   4  1  0  0  0  12/14  14:07   4:15   0:00 
Pierre-Alexandr Parentea 0  0  0   0  2   0  0  0  0  0  0/0    13:46   6:48   0:00 
Reilly Smith             0  0  0  -1  0   1  0  0  0  0  0/2     9:53   0:00   1:03 
Torey Krug               0  0  0   0  0   1  0  0  0  0  0/0    13:39   6:20   3:39 
Zdeno Chara              0  1  1   0  4   2  2  2  0  0  0/0    24:18   6:19   5:52 

Players Stats for BlackHawks

Player Name              G  A  P  +/- PIM S  H  SB GA TA FO     MP     PP MP  PK MP  
------------------------------------------------------------------------------------
Alexander Killorn        0  0  0   1  0   0  1  0  0  0  3/14   12:50   0:00   4:41 
Antoine Vermette         1  0  1   0  0   3  0  1  0  0  17/32  17:41   6:18   0:00 
Brandon Bollig           0  0  0   0  0   0  0  0  0  0  0/0     4:16   0:00   0:00 
Brent Burns              0  0  0   0  0   4  3  0  0  0  0/0    18:43   7:09   0:36 
Bryan Bickell            0  0  0   0  0   1  0  0  0  0  0/0     4:16   0:00   0:00 
Chris Neil               0  0  0   0  4   0  1  0  0  0  0/0    10:47   0:00   0:00 
Dan Boyle                1  2  3   1  0   2  0  2  0  0  0/0    26:09   7:07   5:46 
Dion Phaneuf             0  1  1   1  7   2  0  4  0  0  0/0    24:47   8:49   5:12 
Evander Kane             0  0  0   0  6   5  6  0  0  0  0/2    16:49   7:09   0:00 
Francis Bouillon         0  0  0   0  0   0  0  0  0  0  0/0    10:33   0:06   0:00 
Jamie McGinn             0  1  1   1  0   0  0  0  0  0  0/1    14:06   0:00   5:57 
Jay McClement            0  0  0   0  0   0  0  0  0  0  7/11   10:16   0:00   6:00 
Keith Aulie              0  0  0   0  0   1  3  2  0  0  0/0    20:53   3:55   4:13 
Martin Erat              0  2  2   0  2   3  0  0  0  0  0/0    19:48   6:17   4:41 
Mike Komisarek           0  0  0   0  0   0  0  0  0  0  0/0    16:38   0:00   4:19 
Nathan Horton            1  0  1   1  0   7  2  0  0  0  1/2    17:00   6:18   0:00 
Nazem Kadri              0  0  0   0  0   5  0  0  0  0  8/23   19:38   7:09   0:47 
Radko Gudas              0  0  0   0  2   2  2  0  0  0  0/0    20:12   6:56   2:00 

3 Stars

1 - Dan Boyle (CHI)
2 - Nathan Horton (CHI)
3 - Jose Theodore (CHI)

Power Play

Bruins - 0 on 7 Attempt(s) - 0.00%
BlackHawks - 1 on 6 Attempt(s) - 16.67%

Penalty Kill

Bruins - 5 on 6 Attempt(s) - 83.33% - Score 0 goal in Penalty Kill
BlackHawks - 7 on 7 Attempt(s) - 100.00% - Score 0 goal in Penalty Kill

Official

Referees : Dennis LaRue and Mike Leggo
Linesman : Kiel Murchison and Mike Cvik

Game Notes

Dion Phaneuf and Dennis Seidenberg fight to a draw at 11:54 of 1st period

Finance

Level 1 -- Attendance: 3770 (58.00%) -- Ticket Income $565,500
Level 2 -- Attendance: 2971 (59.42%) -- Ticket Income $332,752
Level 3 -- Attendance: 1723 (49.23%) -- Ticket Income $137,840
Level 4 -- Attendance: 1483 (32.96%) -- Ticket Income $84,531
Luxury Box -- Attendance: 524 (52.40%) -- Ticket Income $157,200
Game was played at the United Center
Total Attendance: 10471 (51.08%)
Total Ticket Income: $1,277,823
Other Income: $191,673
Total Income: $1,469,496


% Time on Ice - Bruins

Lines # - Real PCT - Wanted PCT - Time Play
Normal Forward
1 - 22% - 40% - 6:59
2 - 31% - 30% - 9:52
3 - 26% - 20% - 8:28
4 - 21% - 10% - 6:45
Normal Defense
1 - 33% - 40% - 10:43
2 - 33% - 30% - 10:29
3 - 29% - 20% - 9:27
4 - 4% - 10% - 1:25
PP Forward
1 - 62% - 60% - 6:48
2 - 38% - 40% - 4:15
PP Defense
1 - 57% - 60% - 6:20
2 - 43% - 40% - 4:43
PK Forward
1 - 69% - 60% - 9:14
2 - 31% - 40% - 4:13
PK Defense
1 - 66% - 60% - 8:53
2 - 34% - 40% - 4:34
PK3 Forward
1 - 0% - 60%
2 - 0% - 40%
PK3 Defense
1 - 0% - 60%
2 - 0% - 40%
44 Forward
1 - 92% - 60% - 3:09
2 - 8% - 40% - 0:17
44 Defense
1 - 64% - 60% - 2:12
2 - 36% - 40% - 1:14
Last Minute Offensive  - 0:00
Last Minute Defensive  - 0:00
Total
Forward - 60:00
Defense - 60:00

% Time on Ice - BlackHawks

Lines # - Real PCT - Wanted PCT - Time Play
Normal Forward
1 - 34% - 32% - 10:49
2 - 28% - 31% - 8:50
3 - 25% - 27% - 8:09
4 - 13% - 10% - 4:16
Normal Defense
1 - 37% - 35% - 11:52
2 - 29% - 32% - 9:21
3 - 31% - 23% - 9:48
4 - 3% - 10% - 1:03
PP Forward
1 - 53% - 55% - 7:09
2 - 47% - 45% - 6:18
PP Defense
1 - 48% - 55% - 6:25
2 - 52% - 45% - 7:02
PK Forward
1 - 58% - 55% - 6:22
2 - 42% - 45% - 4:41
PK Defense
1 - 41% - 55% - 4:35
2 - 59% - 45% - 6:28
PK3 Forward
1 - 0% - 50%
2 - 0% - 50%
PK3 Defense
1 - 0% - 55%
2 - 0% - 45%
44 Forward
1 - 74% - 55% - 2:33
2 - 26% - 45% - 0:53
44 Defense
1 - 33% - 55% - 1:08
2 - 67% - 45% - 2:18
Last Minute Offensive  - 0:00
Last Minute Defensive  - 0:00
Total
Forward - 60:00
Defense - 60:00

Play by Play

1st period


0:01 of 1st period - David Krejci wins face-off versus Nazem Kadri in neutral zone.
0:26 of 1st period - Minor Penalty to Zdeno Chara for Roughing.
0:27 of 1st period - Chris Kelly wins face-off versus Antoine Vermette in Bruins zone.
0:52 of 1st period - Johnny Boychuk is hit by Nathan Horton and loses puck.
1:55 of 1st period - Shot by Radko Gudas.
1:55 of 1st period - Stopped by Tuukka Rask without a rebound.
1:56 of 1st period - Chris Kelly wins face-off versus Antoine Vermette in Bruins zone.
2:52 of 1st period - Shot by Zdeno Chara.
2:52 of 1st period - Shot Misses the Net.
2:54 of 1st period - Shot by Jakob Silfverberg.
2:54 of 1st period - Shot Misses the Net.
2:56 of 1st period - Shot by Matt Read.
2:56 of 1st period - Shot Misses the Net.
3:10 of 1st period - Shot by Matt Read.
3:10 of 1st period - Shot Misses the Net.
3:41 of 1st period - Icing by Dennis Seidenberg.
3:42 of 1st period - Patrice Bergeron wins face-off versus Jamie McGinn in Bruins zone.
3:47 of 1st period - Nathan Horton is hit by Loui Eriksson and loses puck.
3:55 of 1st period - Off-side.
3:56 of 1st period - Chris Kelly wins face-off versus Antoine Vermette in neutral zone.
3:56 of 1st period - Minor Penalty to Evander Kane for Hooking.
3:57 of 1st period - Jay McClement wins face-off versus Matt Read in BlackHawks zone.
4:07 of 1st period - Icing by Torey Krug.
4:08 of 1st period - Matt Read wins face-off versus Alexander Killorn in Bruins zone.
5:16 of 1st period - Alexander Killorn is hit by Milan Lucic and loses puck.
5:52 of 1st period - Shot by Patrice Bergeron.
5:52 of 1st period - Stopped by Jose Theodore without a rebound.
5:53 of 1st period - Patrice Bergeron wins face-off versus Alexander Killorn in BlackHawks zone.
6:35 of 1st period - Minor Penalty to Evander Kane for Slashing.
6:36 of 1st period - Jay McClement wins face-off versus Matt Read in BlackHawks zone.
7:29 of 1st period - Shot by Andy Greene.
7:29 of 1st period - Stopped by Jose Theodore without a rebound.
7:30 of 1st period - Patrice Bergeron wins face-off versus Jay McClement in BlackHawks zone.
8:33 of 1st period - Shot by Zdeno Chara.
8:33 of 1st period - Stopped by Jose Theodore with a rebound.
8:35 of 1st period - Shot by Zdeno Chara.
8:35 of 1st period - Stopped by Jose Theodore with a rebound.
9:01 of 1st period - Icing by Logan Couture.
9:02 of 1st period - Antoine Vermette wins face-off versus David Krejci in Bruins zone.
9:20 of 1st period - Shot by Antoine Vermette.
9:20 of 1st period - Goal by Antoine Vermette - Bruins : 0 - BlackHawks : 1.
9:21 of 1st period - Patrice Bergeron wins face-off versus Alexander Killorn in neutral zone.
9:24 of 1st period - Dan Boyle is hit by Patrice Bergeron and loses puck.
9:28 of 1st period - Icing by Dan Boyle.
9:29 of 1st period - Chris Kelly wins face-off versus Alexander Killorn in BlackHawks zone.
9:41 of 1st period - Shot by Jamie McGinn.
9:41 of 1st period - Shot Misses the Net.
9:43 of 1st period - Shot by Nathan Horton.
9:43 of 1st period - Shot Misses the Net.
9:45 of 1st period - Shot by Nathan Horton.
9:45 of 1st period - Goal by Nathan Horton - Bruins : 0 - BlackHawks : 2.
9:46 of 1st period - Patrice Bergeron wins face-off versus Antoine Vermette in neutral zone.
9:51 of 1st period - Mike Komisarek is hit by Brad Marchand and loses puck.
10:14 of 1st period - Shot by Patrice Bergeron.
10:14 of 1st period - Stopped by Jose Theodore with a rebound.
10:24 of 1st period - Shot by Patrice Bergeron.
10:24 of 1st period - Deflect By Brad Marchand.
10:24 of 1st period - Shot Misses the Net.
10:26 of 1st period - Shot by Dennis Seidenberg.
10:26 of 1st period - Shot Blocked by Antoine Vermette.
10:28 of 1st period - Shot by Andy Greene.
10:28 of 1st period - Shot Misses the Net.
11:01 of 1st period - Icing by Zdeno Chara.
11:02 of 1st period - Alexander Killorn wins face-off versus David Krejci in Bruins zone.
11:02 of 1st period - Jamie McGinn is hit by Zdeno Chara and loses puck.
11:16 of 1st period - Minor Penalty to Dougie Hamilton for Hooking.
11:17 of 1st period - Chris Kelly wins face-off versus Nazem Kadri in Bruins zone.
11:17 of 1st period - Chris Kelly is hit by Evander Kane.
11:33 of 1st period - Icing by Evander Kane.
11:34 of 1st period - Chris Kelly wins face-off versus Nazem Kadri in BlackHawks zone.
11:54 of 1st period - Dion Phaneuf and Dennis Seidenberg fight to a draw.
11:54 of 1st period - Penalty to Dion Phaneuf for Fighting.
11:54 of 1st period - Penalty to Dennis Seidenberg for Fighting.
11:55 of 1st period - Antoine Vermette wins face-off versus Chris Kelly in Bruins zone.
12:22 of 1st period - Shot by Radko Gudas.
12:22 of 1st period - Shot Blocked by Andy Greene.
12:24 of 1st period - Shot by Nathan Horton.
12:24 of 1st period - Stopped by Tuukka Rask with a rebound.
12:26 of 1st period - Shot by Nathan Horton.
12:26 of 1st period - Shot Misses the Net.
12:28 of 1st period - Shot by Martin Erat.
12:28 of 1st period - Shot Misses the Net.
12:30 of 1st period - Shot by Antoine Vermette.
12:30 of 1st period - Shot Blocked by Johnny Boychuk.
12:42 of 1st period - Shot by Evander Kane.
12:42 of 1st period - Deflect By Nazem Kadri.
12:42 of 1st period - Stopped by Tuukka Rask without a rebound.
12:43 of 1st period - David Krejci wins face-off versus Nazem Kadri in Bruins zone.
12:43 of 1st period - David Krejci is hit by Evander Kane.
13:03 of 1st period - Shot by Evander Kane.
13:03 of 1st period - Shot Misses the Net.
13:05 of 1st period - Shot by Evander Kane.
13:05 of 1st period - Deflect By Brent Burns.
13:05 of 1st period - Shot Misses the Net.
13:07 of 1st period - Shot by Keith Aulie.
13:07 of 1st period - Deflect By Nazem Kadri.
13:07 of 1st period - Stopped by Tuukka Rask without a rebound.
13:08 of 1st period - Antoine Vermette wins face-off versus David Krejci in Bruins zone.
13:40 of 1st period - Shot by Jakob Silfverberg.
13:40 of 1st period - Shot Blocked by Keith Aulie.
14:03 of 1st period - Off-side.
14:04 of 1st period - Chris Kelly wins face-off versus Nazem Kadri in neutral zone.
14:52 of 1st period - Zdeno Chara is hit by Nathan Horton and loses puck.
15:09 of 1st period - Johnny Boychuk is hit by Alexander Killorn and loses puck.
15:24 of 1st period - Shot by Patrice Bergeron.
15:24 of 1st period - Shot Blocked by Dan Boyle.
15:37 of 1st period - Mike Komisarek is hit by Brad Marchand.
16:13 of 1st period - Shot by David Krejci.
16:13 of 1st period - Stopped by Jose Theodore without a rebound.
16:14 of 1st period - Nazem Kadri wins face-off versus Logan Couture in BlackHawks zone.
16:23 of 1st period - Matt Read is hit by Brent Burns and loses puck.
17:01 of 1st period - Off-side.
17:02 of 1st period - Nathan Horton wins face-off versus Reilly Smith in neutral zone.
17:02 of 1st period - Dion Phaneuf is hit by Chris Kelly and loses puck.
17:08 of 1st period - Icing by Dion Phaneuf.
17:09 of 1st period - Patrice Bergeron wins face-off versus Alexander Killorn in BlackHawks zone.
18:40 of 1st period - Logan Couture is hit by Radko Gudas and loses puck.
18:42 of 1st period - Minor Penalty to Radko Gudas for High sticking.
18:42 of 1st period - Minor Penalty to Pierre-Alexandr Parenteau for Hooking.
18:43 of 1st period - Antoine Vermette wins face-off versus Jakob Silfverberg in BlackHawks zone.
18:59 of 1st period - Shot by Antoine Vermette.
18:59 of 1st period - Deflect By Nathan Horton.
18:59 of 1st period - Shot Misses the Net.
19:01 of 1st period - Shot by Keith Aulie.
19:01 of 1st period - Stopped by Tuukka Rask without a rebound.
19:02 of 1st period - Nazem Kadri wins face-off versus Matt Read in Bruins zone.
19:21 of 1st period - Shot by Matt Read.
19:21 of 1st period - Shot Misses the Net.
19:34 of 1st period - Shot by Nazem Kadri.
19:34 of 1st period - Stopped by Tuukka Rask with a rebound.
19:42 of 1st period - Icing by Keith Aulie.
19:43 of 1st period - Logan Couture wins face-off versus Nazem Kadri in BlackHawks zone.
Goals for this period are 0 for Bruins vs 2 for BlackHawks.
Shots for this period are 6 for Bruins vs 8 for BlackHawks.

2nd period


0:01 of 2nd period - Matt Read wins face-off versus Antoine Vermette in neutral zone.
0:04 of 2nd period - Nathan Horton is hit by Matt Read and loses puck.
0:15 of 2nd period - Icing by Andy Greene.
0:16 of 2nd period - Matt Read wins face-off versus Antoine Vermette in Bruins zone.
0:34 of 2nd period - Icing by Keith Aulie.
0:35 of 2nd period - Antoine Vermette wins face-off versus Jakob Silfverberg in BlackHawks zone.
1:19 of 2nd period - Mike Komisarek is hit by Zdeno Chara and loses puck.
1:57 of 2nd period - Icing by Loui Eriksson.
1:58 of 2nd period - Patrice Bergeron wins face-off versus Alexander Killorn in Bruins zone.
2:10 of 2nd period - Off-side.
2:11 of 2nd period - Chris Kelly wins face-off versus Jay McClement in neutral zone.
2:40 of 2nd period - Shot by Chris Kelly.
2:40 of 2nd period - Deflect By Reilly Smith.
2:40 of 2nd period - Stopped by Jose Theodore without a rebound.
2:41 of 2nd period - David Krejci wins face-off versus Antoine Vermette in BlackHawks zone.
2:41 of 2nd period - David Krejci is hit by Keith Aulie.
2:56 of 2nd period - Icing by Francis Bouillon.
2:57 of 2nd period - Antoine Vermette wins face-off versus Patrice Bergeron in BlackHawks zone.
2:57 of 2nd period - Antoine Vermette is hit by Brad Marchand.
3:15 of 2nd period - Patrice Bergeron is hit by Evander Kane and loses puck.
3:22 of 2nd period - Minor Penalty to Dennis Seidenberg for Holding.
3:23 of 2nd period - Nazem Kadri wins face-off versus Loui Eriksson in Bruins zone.
3:34 of 2nd period - Shot by Evander Kane.
3:34 of 2nd period - Shot Misses the Net.
3:36 of 2nd period - Shot by Dion Phaneuf.
3:36 of 2nd period - Stopped by Tuukka Rask without a rebound.
3:37 of 2nd period - Chris Kelly wins face-off versus Nathan Horton in Bruins zone.
3:50 of 2nd period - Shot by Dion Phaneuf.
3:50 of 2nd period - Shot Misses the Net.
3:52 of 2nd period - Shot by Martin Erat.
3:52 of 2nd period - Shot Blocked by Zdeno Chara.
3:54 of 2nd period - Shot by Antoine Vermette.
3:54 of 2nd period - Stopped by Tuukka Rask with a rebound.
3:56 of 2nd period - Shot by Nathan Horton.
3:56 of 2nd period - Shot Blocked by Johnny Boychuk.
3:58 of 2nd period - Shot by Nathan Horton.
3:58 of 2nd period - Stopped by Tuukka Rask without a rebound.
3:59 of 2nd period - Nazem Kadri wins face-off versus Chris Kelly in Bruins zone.
4:12 of 2nd period - Zdeno Chara is hit by Evander Kane and loses puck.
4:57 of 2nd period - Shot by Martin Erat.
4:57 of 2nd period - Stopped by Tuukka Rask without a rebound.
4:58 of 2nd period - Chris Kelly wins face-off versus Antoine Vermette in Bruins zone.
5:47 of 2nd period - Shot by Bryan Bickell.
5:47 of 2nd period - Shot Misses the Net.
5:49 of 2nd period - Shot by Francis Bouillon.
5:49 of 2nd period - Shot Misses the Net.
7:12 of 2nd period - Dion Phaneuf is hit by Brad Marchand and loses puck.
7:18 of 2nd period - Minor Penalty to Dion Phaneuf for Charging.
7:19 of 2nd period - Jay McClement wins face-off versus Matt Read in BlackHawks zone.
7:19 of 2nd period - Jay McClement is hit by Matt Read.
8:37 of 2nd period - Martin Erat is hit by Milan Lucic and loses puck.
8:43 of 2nd period - Patrice Bergeron is hit by Keith Aulie and loses puck.
9:14 of 2nd period - Shot by Zdeno Chara.
9:14 of 2nd period - Shot Misses the Net.
9:24 of 2nd period - Shot by Nazem Kadri.
9:24 of 2nd period - Stopped by Tuukka Rask without a rebound.
9:25 of 2nd period - Nazem Kadri wins face-off versus Milan Lucic in Bruins zone.
9:25 of 2nd period - Nazem Kadri is hit by Braydon Coburn.
9:47 of 2nd period - Shot by Brent Burns.
9:47 of 2nd period - Shot Blocked by Johnny Boychuk.
10:08 of 2nd period - Minor Penalty to Evander Kane for Holding.
10:09 of 2nd period - Jay McClement wins face-off versus Matt Read in BlackHawks zone.
10:09 of 2nd period - Jay McClement is hit by Matt Read.
11:13 of 2nd period - Minor Penalty to Zdeno Chara for Roughing.
11:14 of 2nd period - Antoine Vermette wins face-off versus Reilly Smith in Bruins zone.
11:33 of 2nd period - Shot by Nathan Horton.
11:33 of 2nd period - Shot Misses the Net.
11:35 of 2nd period - Shot by Nathan Horton.
11:35 of 2nd period - Stopped by Tuukka Rask without a rebound.
11:36 of 2nd period - Matt Read wins face-off versus Antoine Vermette in Bruins zone.
11:38 of 2nd period - Icing by Andy Greene.
11:39 of 2nd period - Antoine Vermette wins face-off versus Matt Read in Bruins zone.
12:07 of 2nd period - Shot by Radko Gudas.
12:07 of 2nd period - Stopped by Tuukka Rask without a rebound.
12:08 of 2nd period - Chris Kelly wins face-off versus Nazem Kadri in Bruins zone.
12:08 of 2nd period - Chris Kelly is hit by Brent Burns.
12:26 of 2nd period - Shot by Radko Gudas.
12:26 of 2nd period - Shot Blocked by Chris Kelly.
13:02 of 2nd period - Shot by Nathan Horton.
13:02 of 2nd period - Shot Misses the Net.
13:06 of 2nd period - Shot by Nathan Horton.
13:06 of 2nd period - Shot Misses the Net.
13:10 of 2nd period - Shot by Dan Boyle.
13:10 of 2nd period - Shot Blocked by David Krejci.
13:22 of 2nd period - Shot by Patrice Bergeron.
13:22 of 2nd period - Deflect By Brad Marchand.
13:22 of 2nd period - Stopped by Jose Theodore without a rebound.
13:23 of 2nd period - Jay McClement wins face-off versus Logan Couture in BlackHawks zone.
13:23 of 2nd period - Jay McClement is hit by Jakob Silfverberg.
13:31 of 2nd period - Icing by Zdeno Chara.
13:32 of 2nd period - Alexander Killorn wins face-off versus Logan Couture in Bruins zone.
15:36 of 2nd period - Shot by Brent Burns.
15:36 of 2nd period - Stopped by Tuukka Rask with a rebound.
15:38 of 2nd period - Shot by Nazem Kadri.
15:38 of 2nd period - Shot Misses the Net.
16:07 of 2nd period - Shot by Bryan Bickell.
16:07 of 2nd period - Stopped by Tuukka Rask without a rebound.
16:08 of 2nd period - Chris Kelly wins face-off versus Alexander Killorn in Bruins zone.
17:22 of 2nd period - Shot by Evander Kane.
17:22 of 2nd period - Stopped by Tuukka Rask without a rebound.
17:23 of 2nd period - Logan Couture wins face-off versus Nazem Kadri in Bruins zone.
18:07 of 2nd period - Icing by Nazem Kadri.
18:08 of 2nd period - Patrice Bergeron wins face-off versus Nazem Kadri in BlackHawks zone.
18:42 of 2nd period - Shot by Patrice Bergeron.
18:42 of 2nd period - Shot Blocked by Dion Phaneuf.
18:54 of 2nd period - Shot by Patrice Bergeron.
18:54 of 2nd period - Deflect By Brad Marchand.
18:54 of 2nd period - Shot Blocked by Dion Phaneuf.
19:04 of 2nd period - Shot by Chris Kelly.
19:04 of 2nd period - Shot Blocked by Dion Phaneuf.
19:06 of 2nd period - Shot by Chris Kelly.
19:06 of 2nd period - Shot Misses the Net.
19:08 of 2nd period - Shot by Chris Kelly.
19:08 of 2nd period - Stopped by Jose Theodore without a rebound.
19:09 of 2nd period - Chris Kelly wins face-off versus Antoine Vermette in BlackHawks zone.
19:24 of 2nd period - Shot by Evander Kane.
19:24 of 2nd period - Stopped by Tuukka Rask with a rebound.
Goals for this period are 0 for Bruins vs 0 for BlackHawks.
Shots for this period are 3 for Bruins vs 11 for BlackHawks.

3rd period


0:01 of 3rd period - David Krejci wins face-off versus Evander Kane in neutral zone.
0:12 of 3rd period - Shot by Dougie Hamilton.
0:12 of 3rd period - Goal by Dougie Hamilton - Bruins : 1 - BlackHawks : 2.
0:13 of 3rd period - Patrice Bergeron wins face-off versus Nazem Kadri in neutral zone.
0:15 of 3rd period - Andy Greene is hit by Chris Neil and loses puck.
0:36 of 3rd period - Shot by Brent Burns.
0:36 of 3rd period - Shot Misses the Net.
0:38 of 3rd period - Shot by Dion Phaneuf.
0:38 of 3rd period - Stopped by Tuukka Rask with a rebound.
0:40 of 3rd period - Shot by Chris Neil.
0:40 of 3rd period - Shot Misses the Net.
1:09 of 3rd period - Antoine Vermette is hit by Dennis Seidenberg and loses puck.
1:17 of 3rd period - Minor Penalty to Dennis Seidenberg for Hooking.
1:18 of 3rd period - Antoine Vermette wins face-off versus Chris Kelly in Bruins zone.
1:29 of 3rd period - Shot by Martin Erat.
1:29 of 3rd period - Shot Misses the Net.
1:31 of 3rd period - Shot by Nathan Horton.
1:31 of 3rd period - Shot Misses the Net.
1:33 of 3rd period - Shot by Dan Boyle.
1:33 of 3rd period - Shot Misses the Net.
1:35 of 3rd period - Shot by Dion Phaneuf.
1:35 of 3rd period - Shot Misses the Net.
2:11 of 3rd period - Shot by Nazem Kadri.
2:11 of 3rd period - Shot Misses the Net.
2:20 of 3rd period - Shot by Nazem Kadri.
2:20 of 3rd period - Deflect By Evander Kane.
2:20 of 3rd period - Stopped by Tuukka Rask without a rebound.
2:21 of 3rd period - David Krejci wins face-off versus Nazem Kadri in Bruins zone.
2:21 of 3rd period - David Krejci is hit by Evander Kane.
2:58 of 3rd period - Torey Krug is hit by Evander Kane and loses puck.
4:29 of 3rd period - Icing by Johnny Boychuk.
4:30 of 3rd period - Logan Couture wins face-off versus Antoine Vermette in Bruins zone.
4:55 of 3rd period - Shot by Evander Kane.
4:55 of 3rd period - Deflect By Antoine Vermette.
4:55 of 3rd period - Shot Misses the Net.
5:05 of 3rd period - Shot by Dougie Hamilton.
5:05 of 3rd period - Stopped by Jose Theodore with a rebound.
5:07 of 3rd period - Shot by Milan Lucic.
5:07 of 3rd period - Stopped by Jose Theodore without a rebound.
5:08 of 3rd period - Patrice Bergeron wins face-off versus Alexander Killorn in BlackHawks zone.
6:09 of 3rd period - Minor Penalty to Chris Neil for Interference.
6:10 of 3rd period - Jay McClement wins face-off versus Matt Read in BlackHawks zone.
6:42 of 3rd period - Shot by Brad Marchand.
6:42 of 3rd period - Stopped by Jose Theodore with a rebound.
7:04 of 3rd period - Shot by Patrice Bergeron.
7:04 of 3rd period - Shot Blocked by Dion Phaneuf.
7:10 of 3rd period - Shot by Patrice Bergeron.
7:10 of 3rd period - Shot Misses the Net.
7:12 of 3rd period - Shot by Patrice Bergeron.
7:12 of 3rd period - Stopped by Jose Theodore without a rebound.
7:13 of 3rd period - Patrice Bergeron wins face-off versus Jay McClement in BlackHawks zone.
7:13 of 3rd period - Milan Lucic is hit by Keith Aulie and loses puck.
7:38 of 3rd period - Shot by Dougie Hamilton.
7:38 of 3rd period - Shot Misses the Net.
7:40 of 3rd period - Shot by Dougie Hamilton.
7:40 of 3rd period - Stopped by Jose Theodore without a rebound.
7:41 of 3rd period - Matt Read wins face-off versus Alexander Killorn in BlackHawks zone.
8:13 of 3rd period - Icing by Radko Gudas.
8:14 of 3rd period - Chris Kelly wins face-off versus Nazem Kadri in BlackHawks zone.
8:14 of 3rd period - Chris Kelly is hit by Radko Gudas.
8:26 of 3rd period - Shot by Chris Kelly.
8:26 of 3rd period - Shot Misses the Net.
8:46 of 3rd period - Shot by Brent Burns.
8:46 of 3rd period - Stopped by Tuukka Rask without a rebound.
8:47 of 3rd period - Antoine Vermette wins face-off versus David Krejci in Bruins zone.
8:52 of 3rd period - Shot by Evander Kane.
8:52 of 3rd period - Shot Blocked by Zdeno Chara.
8:55 of 3rd period - Icing by Zdeno Chara.
8:56 of 3rd period - Logan Couture wins face-off versus Antoine Vermette in Bruins zone.
9:04 of 3rd period - Icing by Mike Komisarek.
9:05 of 3rd period - Antoine Vermette wins face-off versus David Krejci in BlackHawks zone.
9:12 of 3rd period - Shot by Martin Erat.
9:12 of 3rd period - Stopped by Tuukka Rask with a rebound.
9:14 of 3rd period - Shot by Evander Kane.
9:14 of 3rd period - Stopped by Tuukka Rask without a rebound.
9:15 of 3rd period - David Krejci wins face-off versus Nazem Kadri in Bruins zone.
10:10 of 3rd period - Icing by Pierre-Alexandr Parenteau.
10:11 of 3rd period - David Krejci wins face-off versus Antoine Vermette in Bruins zone.
10:26 of 3rd period - Shot by Evander Kane.
10:26 of 3rd period - Stopped by Tuukka Rask without a rebound.
10:27 of 3rd period - Patrice Bergeron wins face-off versus Alexander Killorn in Bruins zone.
11:09 of 3rd period - Shot by Patrice Bergeron.
11:09 of 3rd period - Stopped by Jose Theodore without a rebound.
11:10 of 3rd period - Chris Kelly wins face-off versus Evander Kane in BlackHawks zone.
11:18 of 3rd period - Shot by Martin Erat.
11:18 of 3rd period - Shot Misses the Net.
12:04 of 3rd period - Shot by Brent Burns.
12:04 of 3rd period - Shot Blocked by Johnny Boychuk.
12:06 of 3rd period - Shot by Nazem Kadri.
12:06 of 3rd period - Deflect By Brent Burns.
12:06 of 3rd period - Stopped by Tuukka Rask without a rebound.
12:07 of 3rd period - Nazem Kadri wins face-off versus David Krejci in Bruins zone.
12:09 of 3rd period - Minor Penalty to Chris Neil for Roughing.
12:10 of 3rd period - Jay McClement wins face-off versus Matt Read in BlackHawks zone.
12:21 of 3rd period - Keith Aulie is hit by Brad Marchand and loses puck.
12:37 of 3rd period - Shot by Zdeno Chara.
12:37 of 3rd period - Shot Blocked by Dan Boyle.
13:16 of 3rd period - Shot by Andy Greene.
13:16 of 3rd period - Stopped by Jose Theodore without a rebound.
13:17 of 3rd period - Alexander Killorn wins face-off versus Patrice Bergeron in BlackHawks zone.
13:40 of 3rd period - Shot by Andy Greene.
13:40 of 3rd period - Shot Blocked by Keith Aulie.
13:42 of 3rd period - Shot by Dougie Hamilton.
13:42 of 3rd period - Shot Misses the Net.
13:44 of 3rd period - Shot by Milan Lucic.
13:44 of 3rd period - Stopped by Jose Theodore without a rebound.
13:45 of 3rd period - Matt Read wins face-off versus Alexander Killorn in BlackHawks zone.
13:46 of 3rd period - Shot by Pierre-Alexandr Parenteau.
13:46 of 3rd period - Shot Misses the Net.
13:48 of 3rd period - Shot by Torey Krug.
13:48 of 3rd period - Stopped by Jose Theodore without a rebound.
13:49 of 3rd period - Matt Read wins face-off versus Jay McClement in BlackHawks zone.
14:06 of 3rd period - Shot by Brad Marchand.
14:06 of 3rd period - Shot Misses the Net.
14:08 of 3rd period - Shot by Matt Read.
14:08 of 3rd period - Shot Misses the Net.
14:15 of 3rd period - Brent Burns is hit by Johnny Boychuk and loses puck.
14:40 of 3rd period - Shot by Brent Burns.
14:40 of 3rd period - Shot Blocked by Braydon Coburn.
14:57 of 3rd period - Major Penalty to Braydon Coburn for Kneeing.
14:58 of 3rd period - Antoine Vermette wins face-off versus Chris Kelly in Bruins zone.
14:59 of 3rd period - Shot by Dan Boyle.
14:59 of 3rd period - Stopped by Tuukka Rask without a rebound.
15:00 of 3rd period - Antoine Vermette wins face-off versus Chris Kelly in Bruins zone.
15:15 of 3rd period - Shot by Dan Boyle.
15:15 of 3rd period - Goal by Dan Boyle - Bruins : 1 - BlackHawks : 3.
15:16 of 3rd period - Nazem Kadri wins face-off versus Chris Kelly in neutral zone.
16:47 of 3rd period - Shot by Nathan Horton.
16:47 of 3rd period - Stopped by Tuukka Rask without a rebound.
16:48 of 3rd period - Antoine Vermette wins face-off versus Chris Kelly in Bruins zone.
17:46 of 3rd period - Off-side.
17:47 of 3rd period - David Krejci wins face-off versus Nazem Kadri in neutral zone.
18:06 of 3rd period - Shot by Radko Gudas.
18:06 of 3rd period - Shot Blocked by Dennis Seidenberg.
18:08 of 3rd period - Shot by Nazem Kadri.
18:08 of 3rd period - Shot Misses the Net.
18:10 of 3rd period - Shot by Brent Burns.
18:10 of 3rd period - Stopped by Tuukka Rask without a rebound.
18:11 of 3rd period - Chris Kelly wins face-off versus Antoine Vermette in Bruins zone.
18:22 of 3rd period - Shot by Martin Erat.
18:22 of 3rd period - Stopped by Tuukka Rask without a rebound.
18:23 of 3rd period - David Krejci wins face-off versus Nazem Kadri in Bruins zone.
18:23 of 3rd period - David Krejci is hit by Brent Burns.
18:43 of 3rd period - Shot by Nazem Kadri.
18:43 of 3rd period - Stopped by Tuukka Rask with a rebound.
18:50 of 3rd period - Icing by Dion Phaneuf.
18:51 of 3rd period - Nazem Kadri wins face-off versus Milan Lucic in BlackHawks zone.
19:23 of 3rd period - Minor Penalty to Martin Erat for Roughing.
19:24 of 3rd period - Antoine Vermette wins face-off versus Matt Read in BlackHawks zone.
19:24 of 3rd period - Antoine Vermette is hit by Jakob Silfverberg.
19:32 of 3rd period - Shot by Nathan Horton.
19:32 of 3rd period - Stopped by Tuukka Rask without a rebound.
19:33 of 3rd period - Antoine Vermette wins face-off versus Matt Read in Bruins zone.
19:34 of 3rd period - Shot by Nathan Horton.
19:34 of 3rd period - Stopped by Tuukka Rask without a rebound.
19:35 of 3rd period - Antoine Vermette wins face-off versus Matt Read in Bruins zone.
19:40 of 3rd period - Shot by Antoine Vermette.
19:40 of 3rd period - Stopped by Tuukka Rask without a rebound.
19:41 of 3rd period - Matt Read wins face-off versus Antoine Vermette in Bruins zone.
Goals for this period are 1 for Bruins vs 1 for BlackHawks.
Shots for this period are 10 for Bruins vs 16 for BlackHawks.


Output by the SimonT Hockey Simulator (STHS) for Stephane Roy -- Original Page W3C XHTML 1.0 Valid
Hockey Simulator - Hockey Simulation - Hockey Manager